[Event "95th Caplin Hastings Congress"]
[Site "Hastings"]
[Date "2019.12.31"]
[Round "4.35"]
[White "Graham, David B"]
[Black "Miller, George"]
[Result "1/2-1/2"]
[ECO "B01"]
[WhiteElo "2152"]
[BlackElo "1845"]
[Annotator "ChessBase"]
[PlyCount "53"]
[EventDate "2019.12.28"]
[EventType "swiss"]
[EventCountry "ENG"]
[SourceTitle "playchess.com"]
[Source "ChessBase"]
[SourceQuality "1"]
[TimeControl "40/6600+30:3000+30"]

1. e4 d5 2. exd5 Nf6 3. d4 Bg4 4. Be2 Bxe2 5. Qxe2 Qxd5 6. Nf3 Nc6 7. Be3 e6 8. O-O O-O-O 9. c4 Qh5 10. Nc3 Ng4 11. h3 Nxe3 12. fxe3 g5 13. Ne1 Qg6 14. Nd3 h5 15. d5 Bg7 16. dxc6 Rxd3 17. cxb7+ Kb8 18. Rad1 Rhd8 19. Rxd3 Rxd3 20. Nb5 a6 21. Nd4 Bxd4 22. exd4 Rxd4 23. c5 Qd3 24. Qxh5 Qe3+ 25. Kh1 Rf4 26. Rxf4 Qc1+ 27. Kh2 1/2-1/2

[Event "95th Caplin Hastings Congress"]
[Site "Hastings"]
[Date "2019.12.31"]
[Round "4.36"]
[White "Eames, Robert S"]
[Black "Brouwer, Willem"]
[Result "1-0"]
[ECO "C42"]
[WhiteElo "2150"]
[BlackElo "1662"]
[Annotator "ChessBase"]
[PlyCount "59"]
[EventDate "2019.12.28"]
[EventType "swiss"]
[EventCountry "ENG"]
[SourceTitle "playchess.com"]
[Source "ChessBase"]
[SourceQuality "1"]
[TimeControl "40/6600+30:3000+30"]

1. e4 e5 2. Nf3 Nf6 3. Nxe5 d6 4. Nf3 Nxe4 5. d4 d5 6. Bd3 Nf6 7. O-O Be7 8. h3 O-O 9. c4 h6 10. Nc3 Be6 11. c5 c6 12. Bf4 Nbd7 13. b4 a6 14. Re1 Nh7 15. Bc2 Re8 16. Qd3 Ndf8 17. Ne5 Bf6 18. Na4 Bxe5 19. Bxe5 Ng6 20. Nb6 Ra7 21. f4 Nhf8 22. Bd6 Ne7 23. g4 g6 24. Qg3 Nc8 25. Nxc8 Bxc8 26. Rxe8 Qxe8 27. Re1 Qd8 28. Re7 Ra8 29. f5 g5 30. Qe5 1-0

[Event "95th Caplin Hastings Congress"]
[Site "Hastings"]
[Date "2019.12.31"]
[Round "4.38"]
[White "De Boer, Bas"]
[Black "Zheng, Jerry Z"]
[Result "1-0"]
[ECO "E05"]
[WhiteElo "2138"]
[BlackElo "1565"]
[Annotator "ChessBase"]
[PlyCount "59"]
[EventDate "2019.12.28"]
[EventType "swiss"]
[EventCountry "ENG"]
[SourceTitle "playchess.com"]
[Source "ChessBase"]
[SourceQuality "1"]
[TimeControl "40/6600+30:3000+30"]

1. d4 Nf6 2. c4 e6 3. g3 d5 4. Nf3 Be7 5. Bg2 O-O 6. O-O dxc4 7. Qc2 a6 8. a4 Bd7 9. Qxc4 Bc6 10. Bg5 Bd5 11. Qc2 Nbd7 12. Nc3 Bc6 13. e4 h6 14. Bxf6 Nxf6 15. Rad1 b6 16. d5 exd5 17. e5 Nd7 18. Nd4 Bb7 19. Nxd5 Bc5 20. Nf6+ gxf6 21. Bxb7 fxe5 22. Nf5 Ra7 23. Bc6 Bd6 24. Qd2 f6 25. Bd5+ Rf7 26. Qxh6 Qf8 27. Qg6+ Kh8 28. Bxf7 Ra8 29. Qh5+ Qh6 30. Qxh6# 1-0

[Event "95th Caplin Hastings Congress"]
[Site "Hastings"]
[Date "2019.12.31"]
[Round "4.39"]
[White "Barton, R Alan"]
[Black "Makkar, Rajat"]
[Result "0-1"]
[ECO "A09"]
[WhiteElo "1945"]
[BlackElo "2137"]
[Annotator "ChessBase"]
[PlyCount "88"]
[EventDate "2019.12.28"]
[EventType "swiss"]
[EventCountry "ENG"]
[SourceTitle "playchess.com"]
[Source "ChessBase"]
[SourceQuality "1"]
[TimeControl "40/6600+30:3000+30"]

1. Nf3 Nf6 2. c4 c5 3. g3 d5 4. Bg2 d4 5. Ne5 Qc7 6. Qa4+ Nbd7 7. Nd3 e5 8. O-O Bd6 9. Na3 a6 10. b4 O-O 11. bxc5 Nxc5 12. Nxc5 Bxc5 13. Rb1 Bd7 14. Qb3 Bc6 15. d3 Rab8 16. Bd2 Rfe8 17. Bb4 Bxg2 18. Kxg2 Qc6+ 19. Kg1 Nd7 20. Nc2 h5 21. e4 Qg6 22. Ne1 b5 23. Ng2 Rec8 24. Nh4 Qf6 25. Qa3 bxc4 26. Bxc5 Rxb1 27. Rxb1 Nxc5 28. Nf5 g6 29. Rb6 Qxb6 30. Ne7+ Kh7 31. Nxc8 Qc7 32. f4 exf4 33. gxf4 c3 34. f5 Qxc8 35. fxg6+ fxg6 36. Qb4 c2 37. Qc4 Qg4+ 38. Kh1 Qd1+ 39. Kg2 Qd2+ 40. Kf3 Qe3+ 41. Kg2 Qg5+ 42. Kf3 Qg4+ 43. Kf2 Qf4+ 44. Kg2 c1=Q 0-1

[Event "95th Caplin Hastings Congress"]
[Site "Hastings"]
[Date "2019.12.31"]
[Round "4.40"]
[White "Garnett, John S"]
[Black "Unnikrishnan, Midhun P"]
[Result "0-1"]
[ECO "D00"]
[WhiteElo "1865"]
[BlackElo "2135"]
[Annotator "ChessBase"]
[PlyCount "46"]
[EventDate "2019.12.28"]
[EventType "swiss"]
[EventCountry "ENG"]
[SourceTitle "playchess.com"]
[Source "ChessBase"]
[SourceQuality "1"]
[TimeControl "40/6600+30:3000+30"]

1. d4 Nf6 2. Bg5 d5 3. e3 c5 4. Bxf6 gxf6 5. c4 dxc4 6. Bxc4 cxd4 7. Nc3 Nc6 8. Qh5 e6 9. O-O-O Qa5 10. Qxa5 Nxa5 11. Bb5+ Ke7 12. Rxd4 a6 13. Ba4 b5 14. Bc2 f5 15. Nge2 Bg7 16. Rdd1 Bb7 17. Rhg1 h5 18. h4 Rac8 19. g3 b4 20. Na4 Be4 21. Rd2 b3 22. Nec3 bxa2 23. Nxa2 Nb3+ 0-1

[Event "95th Caplin Hastings Congress"]
[Site "Hastings"]
[Date "2019.12.31"]
[Round "4.41"]
[White "Patrick, Chaski"]
[Black "Kumar, Sanjit S"]
[Result "1-0"]
[ECO "C92"]
[WhiteElo "2131"]
[BlackElo "1501"]
[Annotator "ChessBase"]
[PlyCount "131"]
[EventDate "2019.12.28"]
[EventType "swiss"]
[EventCountry "ENG"]
[SourceTitle "playchess.com"]
[Source "ChessBase"]
[SourceQuality "1"]
[TimeControl "40/6600+30:3000+30"]

1. e4 e5 2. Nf3 Nc6 3. Bb5 a6 4. Ba4 Nf6 5. O-O Be7 6. Re1 b5 7. Bb3 d6 8. c3 O-O 9. h3 Na5 10. Bc2 c5 11. d3 Bb7 12. Nbd2 Re8 13. Nf1 Bf8 14. Ng3 g6 15. Bd2 Bg7 16. Qc1 Rc8 17. Bh6 Bh8 18. Bg5 Qb6 19. Nh4 b4 20. Ba4 Bc6 21. Bxc6 Rxc6 22. Nhf5 c4 23. d4 exd4 24. Nxd4 Rcc8 25. Qf4 d5 26. e5 Ne4 27. Nxe4 dxe4 28. Rxe4 Nc6 29. Bf6 Nxd4 30. Bxh8 Ne2+ 31. Rxe2 Kxh8 32. Qxf7 bxc3 33. bxc3 Qe6 34. Qxe6 Rxe6 35. Rd1 Rc5 36. f4 g5 37. g3 h5 38. h4 gxf4 39. gxf4 Rg6+ 40. Rg2 Kh7 41. Kf2 Ra5 42. Rxg6 Rxa2+ 43. Kf3 Kxg6 44. Rd6+ Kg7 45. Rc6 Rd2 46. Rxc4 Rd3+ 47. Ke4 Rh3 48. Rc7+ Kf8 49. c4 Rxh4 50. Ra7 Rh1 51. Rxa6 Rc1 52. Rc6 h4 53. Rh6 Rxc4+ 54. Kf5 Rc7 55. Rxh4 Rg7 56. Rh8+ Ke7 57. Ra8 Rg1 58. Ra7+ Ke8 59. Kf6 Re1 60. e6 Kd8 61. e7+ Ke8 62. Ra8+ Kd7 63. Rd8+ Kc7 64. e8=Q Rxe8 65. Rxe8 Kd7 66. Kf7 1-0

[Event "95th Caplin Hastings Congress"]
[Site "Hastings"]
[Date "2019.12.31"]
[Round "4.42"]
[White "Butt, Laurence"]
[Black "Brown, Thomas"]
[Result "0-1"]
[ECO "A45"]
[WhiteElo "1694"]
[BlackElo "2116"]
[Annotator "ChessBase"]
[PlyCount "94"]
[EventDate "2019.12.28"]
[EventType "swiss"]
[EventCountry "ENG"]
[SourceTitle "playchess.com"]
[Source "ChessBase"]
[SourceQuality "1"]
[TimeControl "40/6600+30:3000+30"]

1. d4 Nf6 2. e3 g6 3. f4 Bg7 4. Nf3 c5 5. Be2 b6 6. O-O Bb7 7. c4 cxd4 8. exd4 O-O 9. Nc3 d5 10. cxd5 Nxd5 11. h4 Nd7 12. h5 Rc8 13. hxg6 hxg6 14. Nxd5 Bxd5 15. Ne5 Nxe5 16. fxe5 Bc4 17. Be3 Bxe2 18. Qxe2 Qd5 19. Qf3 Qxf3 20. gxf3 f6 21. f4 Kf7 22. Rad1 Rc2 23. Rf2 Rxf2 24. Kxf2 fxe5 25. fxe5 Ke6+ 26. Ke2 Rh8 27. Rc1 Rh2+ 28. Bf2 Bh6 29. Rc6+ Kf5 30. Kf1 Rh1+ 31. Kg2 Rb1 32. Rc2 Rc1 33. Re2 Rd1 34. Bh4 Rxd4 35. Bxe7 Rd2 36. Rxd2 Bxd2 37. Kf3 Kxe5 38. Ke2 Bc1 39. b3 Ke4 40. a4 Be3 41. Bd6 g5 42. Bg3 g4 43. b4 Bf4 44. Bf2 g3 45. Bg1 Be5 46. a5 Bd4 47. axb6 axb6 0-1

[Event "95th Caplin Hastings Congress"]
[Site "Hastings"]
[Date "2019.12.31"]
[Round "4.43"]
[White "Mineev, Sergey I."]
[Black "White, Stuart A"]
[Result "1/2-1/2"]
[ECO "E39"]
[WhiteElo "1588"]
[BlackElo "2106"]
[Annotator "ChessBase"]
[PlyCount "32"]
[EventDate "2019.12.28"]
[EventType "swiss"]
[EventCountry "ENG"]
[SourceTitle "playchess.com"]
[Source "ChessBase"]
[SourceQuality "1"]
[TimeControl "40/6600+30:3000+30"]

1. d4 Nf6 2. c4 e6 3. Nc3 Bb4 4. Qc2 O-O 5. Bg5 c5 6. dxc5 Na6 7. a3 Bxc3+ 8. Qxc3 Nxc5 9. Bxf6 Qxf6 10. Qxf6 gxf6 11. g3 a5 12. Bg2 a4 13. Nf3 Ra5 14. Nd4 Rd8 15. O-O Kf8 16. Rab1 d6 1/2-1/2

[Event "95th Caplin Hastings Congress"]
[Site "Hastings"]
[Date "2019.12.31"]
[Round "4.44"]
[White "Boino, Claudio"]
[Black "Flynn, David"]
[Result "1/2-1/2"]
[ECO "D85"]
[WhiteElo "2146"]
[BlackElo "1853"]
[Annotator "ChessBase"]
[PlyCount "76"]
[EventDate "2019.12.28"]
[EventType "swiss"]
[EventCountry "ENG"]
[SourceTitle "playchess.com"]
[Source "ChessBase"]
[SourceQuality "1"]
[TimeControl "40/6600+30:3000+30"]

1. d4 Nf6 2. Nf3 g6 3. c4 Bg7 4. Nc3 d5 5. cxd5 Nxd5 6. e4 Nxc3 7. bxc3 c5 8. Be3 Qa5 9. Qd2 Nc6 10. Rb1 cxd4 11. cxd4 Qxd2+ 12. Kxd2 O-O 13. Bd3 e6 14. Rhc1 Rd8 15. Rc4 Na5 16. Rc5 Nc6 17. Rc4 Na5 18. Rc7 Rd7 19. Rc2 b6 20. Rbc1 Bb7 21. Ke2 Rdd8 22. Rc7 Rac8 23. Bd2 Rxc7 24. Rxc7 Rc8 25. Rd7 f5 26. e5 Bd5 27. Bxa5 bxa5 28. Rxa7 Bxa2 29. Rxa5 Bd5 30. Ne1 Bf8 31. Rb5 Ra8 32. Rb2 Ra4 33. Ke3 f4+ 34. Kxf4 Bh6+ 35. Kg3 Rxd4 36. Be2 Bf4+ 37. Kh3 Bxe5 38. Nf3 Bxf3 1/2-1/2

[Event "95th Caplin Hastings Congress"]
[Site "Hastings"]
[Date "2019.12.31"]
[Round "4.45"]
[White "Wilson, Matthew R"]
[Black "Ortiz Sanchez, Luis"]
[Result "1-0"]
[ECO "B31"]
[WhiteElo "1837"]
[BlackElo "1947"]
[Annotator "NA"]
[PlyCount "45"]
[EventDate "2019.12.28"]
[EventType "swiss"]
[EventCountry "ENG"]
[SourceTitle "playchess.com"]
[Source "ChessBase"]
[SourceQuality "1"]
[TimeControl "40/6600+30:3000+30"]

1. e4 c5 2. Nf3 Nc6 3. Bb5 e6 4. O-O Nge7 5. Re1 g6 6. c3 Bg7 7. d4 cxd4 8. cxd4 Qb6 {[%emt 0:01:09] B31: Sicilian: 2...Nc6 3 Bb5 g6} 9. Bxc6 (9. Na3 d5 10. exd5 Nxd5 11. Nc4 Qc7 12. Bg5 O-O 13. Rc1 Nce7 14. Ba4 a6 15. Bb3 b5 16. Nce5 {½-½ (42) Nanu,C (2507)-Grecescu,G (2383) Eforie Nord 2007}) 9... dxc6 10. Nc3 O-O 11. b3 $146 ({Predecessor:} 11. Rb1 Rd8 12. Be3 Qc7 13. Qb3 b6 14. Rbc1 Bb7 15. Bg5 h6 16. Bh4 {0-1 (28) Peregi,Z (1926)-Jaro,B (1783) Hungary 2016}) 11... Qa6 12. e5 c5 13. Ne4 cxd4 14. Bg5 Nd5 15. Nf6+ Kh8 16. Qd2 d3 17. Re4 Qc6 18. Rh4 h5 19. Rc1 $18 Qb5 20. a4 Qxb3 21. g4 Qb4 22. gxh5 Nxf6 23. Qxb4 1-0

[Event "95th Caplin Hastings Congress"]
[Site "Hastings"]
[Date "2019.12.31"]
[Round "4.46"]
[White "Gisbert Mir, Alejandro"]
[Black "Howell, Oliver W"]
[Result "0-1"]
[ECO "D12"]
[WhiteElo "1835"]
[BlackElo "1928"]
[Annotator "NA"]
[PlyCount "76"]
[EventDate "2019.12.28"]
[EventType "swiss"]
[EventCountry "ENG"]
[SourceTitle "playchess.com"]
[Source "ChessBase"]
[SourceQuality "1"]
[TimeControl "40/6600+30:3000+30"]

1. d4 d5 2. c4 c6 3. Nf3 Nf6 4. e3 Bf5 5. Nc3 e6 6. Nh4 Bg4 7. Qb3 Qb6 8. c5 {[%emt 0:01:57] D12: Slav Defence: 3 Nf3 Nf6 4 e3 Bf5} (8. h3 Bh5 9. g4 Bg6 10. Nxg6 hxg6 11. g5 Ne4 12. Nxe4 dxe4 13. h4 Bb4+ 14. Ke2 Nd7 15. Bg2 f5 16. gxf6 Nxf6 17. Qc2 Qa5 18. Bxe4 Nxe4 19. Qxe4 {1-0 (33) Esipenko,A (2620)-Tsydypov,Z (2546) Sochi 2019}) 8... Qc7 9. h3 Bh5 10. g4 Bg6 11. Nxg6 hxg6 12. Bg2 Be7 13. Bd2 Nbd7 14. Qc2 b6 15. b4 $146 ({Predecessor:} 15. cxb6 Nxb6 {1-0 (72) Graczyk,D (2122)-Pazdziora,M (2211) Jastrzebia Gora 2018}) 15... a5 16. bxa5 bxc5 17. dxc5 Nxc5 18. g5 Nfd7 19. f4 e5 20. O-O e4 21. Ne2 Nd3 22. Rab1 O-O 23. Nd4 Rfc8 24. h4 N7c5 25. Rb6 Qd7 26. Kh2 Qg4 ({Black should play} 26... Qe8 $17 27. Bh3 Bd8) 27. Nxc6 $2 (27. Bh3 $1 $15 Qxh4 28. Kg2) 27... Qxh4+ 28. Kg1 Bd8 29. Nxd8 Rxd8 30. Rc6 Rdc8 31. Rxc8+ Rxc8 32. Rb1 $19 (32. Qd1 $17) 32... Qf2+ 33. Kh1 Kh7 34. Rf1 Qh4+ 35. Kg1 Rb8 36. Rb1 Qf2+ 37. Kh2 Rxb1 38. Qxb1 Qxd2 0-1

[Event "95th Caplin Hastings Congress"]
[Site "Hastings"]
[Date "2019.12.31"]
[Round "4.47"]
[White "Thorpe, Thomas"]
[Black "Drastik, Penelope"]
[Result "1-0"]
[ECO "B23"]
[WhiteElo "1924"]
[BlackElo "1821"]
[Annotator "NA"]
[PlyCount "33"]
[EventDate "2019.12.28"]
[EventType "swiss"]
[EventCountry "ENG"]
[SourceTitle "playchess.com"]
[Source "ChessBase"]
[SourceQuality "1"]
[TimeControl "40/6600+30:3000+30"]

1. e4 c5 2. Nc3 Nc6 3. Bb5 Nd4 4. Bc4 e6 5. Nge2 Nf6 6. O-O a6 7. a4 Be7 8. d3 d5 9. Ba2 O-O 10. exd5 exd5 11. Nxd4 cxd4 12. Ne2 Qb6 13. Bf4 Bg4 14. f3 Be6 15. Be5 Qxb2 16. Bb3 Rac8 17. Ra2 1-0

[Event "95th Caplin Hastings Congress"]
[Site "Hastings"]
[Date "2019.12.31"]
[Round "4.49"]
[White "Khoo-Thwe, Louis"]
[Black "Jukes, Sam"]
[Result "0-1"]
[ECO "C55"]
[WhiteElo "1690"]
[BlackElo "1906"]
[Annotator "NA"]
[PlyCount "72"]
[EventDate "2019.12.28"]
[EventType "swiss"]
[EventCountry "ENG"]
[SourceTitle "playchess.com"]
[Source "ChessBase"]
[SourceQuality "1"]
[TimeControl "40/6600+30:3000+30"]

1. e4 e5 2. Nf3 Nc6 3. Bc4 Nf6 4. d3 Be7 5. O-O O-O 6. c3 d5 7. exd5 Nxd5 8. Re1 Bg4 9. h3 Bh5 10. g4 Bg6 11. Nxe5 Nxe5 12. Rxe5 Nb6 13. Qe2 Bf6 14. Ra5 Nxc4 15. dxc4 c6 16. Ra4 Bd3 17. Qf3 Re8 18. Be3 Bc2 19. Rb4 c5 20. Rb5 b6 21. Na3 Ba4 22. b3 Bxb5 23. Nxb5 a6 24. Rd1 Qe7 25. Nd6 Red8 26. Bf4 Ra7 27. Qd5 Rad7 28. Rd3 h6 29. Kf1 Qf8 30. Qc6 Be7 31. Qxb6 Bxd6 32. Be3 Bc7 33. Qc6 Rxd3 34. Qxc7 Qd6 35. Qb7 Qh2 36. a4 Rxe3 0-1

[Event "95th Caplin Hastings Congress"]
[Site "Hastings"]
[Date "2019.12.31"]
[Round "4.50"]
[White "Jennings, Richard"]
[Black "Verma, Shlok"]
[Result "1/2-1/2"]
[ECO "D02"]
[WhiteElo "1903"]
[BlackElo "1691"]
[Annotator "NA RC"]
[PlyCount "101"]
[EventDate "2019.12.28"]
[EventType "swiss"]
[EventCountry "ENG"]
[SourceTitle "playchess.com"]
[Source "ChessBase"]
[SourceQuality "1"]
[TimeControl "40/6600+30:3000+30"]

1. d4 d5 2. Nf3 Nf6 3. Bf4 Bf5 4. Nh4 Bd7 5. e3 e6 6. Nd2 c5 7. c3 Nc6 8. Bd3 h6 9. Bg3 Be7 10. f4 Ne4 11. Nhf3 Nxg3 12. hxg3 Qc7 13. e4 O-O-O 14. Bb5 g5 15. Bxc6 Bxc6 16. e5 Rdg8 17. O-O g4 18. Ne1 h5 19. Nd3 Bb5 20. Qe2 h4 21. Qe3 hxg3 22. a4 Bxd3 23. Qxd3 Rh6 24. Qxg3 $2 (24. Rfd1 {was necessary.}) 24... Bh4 $2 (24... Rgh8 $19 25. Qxg4 cxd4 26. cxd4 {[#]} Qb6 $1 ) 25. Qe3 g3 26. Rfc1 ({Avoid the trap} 26. dxc5 $2 Be7 $19) 26... Rgh8 ({Better is} 26... Bd8 $17 27. b4 Rgh8) 27. b4 Be7 28. Kf1 Rh1+ 29. Ke2 Rxc1 30. Rxc1 cxb4 31. Nb3 Qc4+ 32. Kf3 Kb8 33. cxb4 Qxb4 34. Qc3 Qxc3+ 35. Rxc3 Rh1 36. Kxg3 Bb4 (36... b6 $15) 37. Rc1 Rxc1 38. Nxc1 Bc3 39. Nb3 a5 40. Kf3 b5 41. Ke3 bxa4 42. Nc1 Bb2 43. Na2 Kb7 44. g4 Kb6 45. Kd3 Ba3 $2 (45... a3 $19 46. f5 exf5 47. gxf5 Kc7) 46. Nc3 Bc1 47. f5 $19 (47. Nxa4+ $11 Kb5 48. Nc3+ Kc6 49. Ne2) 47... a3 48. Kc2 Be3 49. Kd3 Bc1 50. Kc2 Be3 51. Kd3 1/2-1/2

[Event "95th Caplin Hastings Congress"]
[Site "Hastings"]
[Date "2019.12.31"]
[Round "4.51"]
[White "Thatte, Nandinee"]
[Black "Faulks, Nick"]
[Result "1-0"]
[ECO "A67"]
[WhiteElo "1270"]
[BlackElo "1900"]
[Annotator "NA"]
[PlyCount "47"]
[EventDate "2019.12.28"]
[EventType "swiss"]
[EventCountry "ENG"]
[SourceTitle "playchess.com"]
[Source "ChessBase"]
[SourceQuality "1"]
[TimeControl "40/6600+30:3000+30"]

1. d4 Nf6 2. c4 c5 3. d5 e6 4. Nc3 exd5 5. cxd5 d6 6. e4 g6 7. f4 Bg7 8. Bb5+ Nfd7 9. a4 O-O 10. Nf3 Na6 11. O-O Nb4 12. Re1 a6 13. Bf1 Re8 14. h3 Nf6 15. Bc4 Nd7 16. Be3 Nb6 17. Bf1 f5 18. e5 dxe5 19. d6 e4 20. Bxc5 exf3 21. Rxe8+ Qxe8 22. Bxb6 Qc6 23. Qb3+ Kh8 24. Qxb4 1-0

[Event "95th Caplin Hastings Congress"]
[Site "Hastings"]
[Date "2019.12.31"]
[Round "4.52"]
[White "Merriman, James"]
[Black "Kumar, Soham"]
[Result "1-0"]
[ECO "A57"]
[WhiteElo "1895"]
[BlackElo "1512"]
[Annotator "NA"]
[PlyCount "123"]
[EventDate "2019.12.28"]
[EventType "swiss"]
[EventCountry "ENG"]
[SourceTitle "playchess.com"]
[Source "ChessBase"]
[SourceQuality "1"]
[TimeControl "40/6600+30:3000+30"]

1. d4 Nf6 2. c4 c5 3. d5 b5 4. a4 b4 5. Nd2 d6 6. e4 Nbd7 7. f4 g6 8. Ngf3 Bg7 9. Bd3 O-O 10. O-O Qc7 11. Qe2 Ba6 12. Rb1 Ng4 13. b3 Rae8 14. Bb2 $16 Bh6 15. Nh4 Ngf6 16. g4 Bg7 17. e5 dxe5 18. fxe5 Nxd5 19. cxd5 Bxd3 20. Qxd3 Nxe5 21. Qe4 e6 22. Bxe5 Bxe5 23. Nhf3 exd5 24. Qxd5 Bxh2+ 25. Nxh2 Re2 26. Rf2 Rxf2 27. Kxf2 Qxh2+ 28. Qg2 Qf4+ 29. Kg1 Rd8 30. Nf1 Rd4 31. Kh1 Qg5 32. Nh2 Rd2 33. Qe4 Rf2 34. Re1 Qd2 35. Nf1 Qa2 36. Qe8+ Kg7 37. Qe5+ Kg8 38. Qxc5 Re2 39. Rxe2 Qxe2 40. Qc4 Qf3+ 41. Kg1 Qb7 42. Ng3 Qf3 43. Kh2 Qf2+ 44. Kh3 Qb6 45. Qe4 Qc5 46. Qf3 Qb6 47. Ne4 Kg7 48. g5 Qe6+ 49. Kg3 Qe8 50. Qf6+ Kg8 51. Qd4 Qb8+ 52. Kh3 Qc8+ 53. Kh4 Qb8 54. Nf6+ Kf8 55. Nd7+ Ke8 56. Nxb8 Kf8 57. Qd8+ Kg7 58. Qf6+ Kg8 59. Nc6 a5 60. Ne5 h5 61. Qxf7+ Kh8 62. Nxg6# 1-0

[Event "95th Caplin Hastings Congress"]
[Site "Hastings"]
[Date "2019.12.31"]
[Round "4.53"]
[White "Sandhu, Manvith"]
[Black "Metcalfe, Charlie P"]
[Result "0-1"]
[ECO "C01"]
[WhiteElo "1673"]
[BlackElo "1867"]
[Annotator "NA"]
[PlyCount "68"]
[EventDate "2019.12.28"]
[EventType "swiss"]
[EventCountry "ENG"]
[SourceTitle "playchess.com"]
[Source "ChessBase"]
[SourceQuality "1"]
[TimeControl "40/6600+30:3000+30"]

1. e4 e6 2. d4 d5 3. Bd3 dxe4 4. Bxe4 Nf6 5. Bf3 c5 6. Ne2 Nc6 7. Be3 cxd4 8. Nxd4 Ne5 9. Nc3 a6 10. Qe2 Nxf3+ 11. Qxf3 e5 12. Nb3 Bb4 13. Bg5 O-O 14. a3 Bxc3+ 15. Qxc3 h6 16. Bh4 g5 17. Bg3 Ne4 18. Qf3 Nxg3 19. hxg3 Qd6 20. Rd1 Qg6 21. Nc5 e4 22. Qe3 Bg4 23. Rd4 Qc6 24. Nb3 Rad8 25. c4 Qxc4 26. Rxh6 Qb5 27. Rhd6 Rxd6 28. Rxd6 Rc8 29. Nd4 Qc5 30. Rh6 Rd8 31. Ne2 Qd5 32. Qc1 Qb5 33. Nc3 Qc5 34. f3 Qg1+ 0-1

[Event "95th Caplin Hastings Congress"]
[Site "Hastings"]
[Date "2019.12.31"]
[Round "4.54"]
[White "Cresswell, Mike J"]
[Black "Kearsley, Raymond J"]
[Result "1/2-1/2"]
[ECO "D00"]
[WhiteElo "1662"]
[BlackElo "1624"]
[Annotator "NA"]
[PlyCount "53"]
[EventDate "2019.12.28"]
[EventType "swiss"]
[EventCountry "ENG"]
[SourceTitle "playchess.com"]
[Source "ChessBase"]
[SourceQuality "1"]
[TimeControl "40/6600+30:3000+30"]

1. e4 d5 2. d4 dxe4 3. Nc3 Nf6 4. f3 exf3 5. Nxf3 Bf5 6. Bc4 e6 7. O-O Be7 8. Ne2 O-O 9. c3 Be4 10. Ng3 Bd5 11. Bd3 c5 12. Kh1 Nc6 13. Be3 cxd4 14. Nxd4 Ne5 15. Bb1 Bc4 16. Re1 Neg4 17. Bg1 Qc7 18. Ne4 Rad8 19. Nxf6+ Nxf6 20. Qf3 Bd5 21. Qh3 g6 22. Bc2 Qf4 23. Bd1 e5 24. Be3 Qe4 25. Bf3 Qd3 26. Be2 Qe4 27. Bf3 1/2-1/2

[Event "95th Caplin Hastings Congress"]
[Site "Hastings"]
[Date "2019.12.31"]
[Round "4.55"]
[White "Lakshmi Raja Perumal K"]
[Black "Sugden, John N"]
[Result "0-1"]
[ECO "B43"]
[WhiteElo "1492"]
[BlackElo "2065"]
[Annotator "NA"]
[PlyCount "80"]
[EventDate "2019.12.28"]
[EventType "swiss"]
[EventCountry "ENG"]
[SourceTitle "playchess.com"]
[Source "ChessBase"]
[SourceQuality "1"]
[TimeControl "40/6600+30:3000+30"]

1. e4 c5 2. Nf3 e6 3. d4 cxd4 4. Nxd4 a6 5. Nc3 b5 6. Bd3 Bb7 7. O-O Qc7 8. a4 {[%emt 0:05:53] B43: Sicilian: Kan Variation: 5 Nc3} (8. Re1 Bc5 9. Be3 d6 10. Bxb5+ axb5 11. Ndxb5 Qc6 12. Bxc5 dxc5 13. Nd6+ Ke7 14. Nf5+ Ke8 15. Nxg7+ Kf8 16. Nh5 {0-1 (66) Delgado Ramirez,N (2622)-Bachmann,A (2627) Asuncion 2017}) 8... b4 9. Nce2 Nf6 10. Ng3 Nc6 11. c3 $146 ({Predecessor:} 11. Nxc6 Bxc6 12. Qe2 Qb7 13. f4 Bc5+ 14. Be3 Bxe3+ 15. Qxe3 {1-0 (36) Sindoni,A (1931)-Rubini,A (1917) Fano 2012}) 11... bxc3 12. bxc3 Be7 13. Be3 O-O 14. Nh5 Ne5 15. Bf4 Nxh5 16. Qxh5 Bf6 17. Rac1 g6 18. Qg4 Nxg4 19. Bxc7 Rfc8 20. Bb6 (20. Bg3 $17) 20... Ne5 21. Bb1 Nc4 22. a5 Nd2 23. Rfd1 Nxb1 24. Rxb1 Bxe4 25. Rb2 Rxc3 26. f3 Bd5 27. Ne2 Rxf3 28. gxf3 Bxb2 29. Nf4 Bc6 30. Nd3 Bg7 31. Nc5 d5 32. Rc1 Bb5 33. Kg2 Rc8 34. Rb1 Bf8 35. Rxb5 axb5 36. Nd7 b4 37. a6 b3 $19 38. a7 Ra8 39. Bd4 Bg7 40. Bxg7 Kxg7 0-1

[Event "95th Caplin Hastings Congress"]
[Site "Hastings"]
[Date "2019.12.31"]
[Round "4.56"]
[White "Damodaran, Patrick"]
[Black "Zheng, Harry Z"]
[Result "1-0"]
[ECO "C36"]
[WhiteElo "1388"]
[BlackElo "1705"]
[Annotator "NA"]
[PlyCount "97"]
[EventDate "2019.12.28"]
[EventType "swiss"]
[EventCountry "ENG"]
[SourceTitle "playchess.com"]
[Source "ChessBase"]
[SourceQuality "1"]
[TimeControl "40/6600+30:3000+30"]

1. e4 e5 2. f4 d5 3. exd5 exf4 4. Nf3 Nf6 5. c4 c6 6. d4 Bb4+ 7. Bd2 Qe7+ 8. Be2 cxd5 9. Qa4+ Nc6 10. O-O Bxd2 11. Nbxd2 O-O 12. Rfe1 Nxd4 13. Bd1 Nxf3+ 14. Bxf3 Qc5+ 15. Kh1 Be6 16. cxd5 Nxd5 17. Bxd5 Qxd5 18. Qxf4 Rac8 19. Ne4 Rc2 20. Qg3 Kh8 21. Qa3 Rd8 22. Qf3 Rxb2 23. Rad1 Qa5 24. Qc3 Rxd1 25. Rxd1 Rb1 26. Rxb1 Qd5 27. Qd2 Qxd2 28. Nxd2 b6 29. Rc1 g6 30. Nb3 Bd5 31. Rd1 Be6 32. Rd8+ Kg7 33. Ra8 Kf6 34. Rxa7 Ke5 35. Rb7 Ke4 36. Rxb6 Bd5 37. a4 Ke3 38. a5 Kf2 39. Rf6+ Ke1 40. Nc5 h5 41. a6 h4 42. h3 g5 43. a7 g4 44. Kh2 g3+ 45. Kg1 Kd2 46. Rd6 Ke3 47. Rxd5 f5 48. a8=Q f4 49. Qe8# {[%emt 0:00:21] Kd3} 1-0

[Event "95th Caplin Hastings Congress"]
[Site "Hastings"]
[Date "2019.12.31"]
[Round "4.57"]
[White "Stoyanov, Boris"]
[Black "Dewangan, Aayush"]
[Result "0-1"]
[ECO "B52"]
[WhiteElo "1504"]
[BlackElo "1548"]
[Annotator "NA"]
[PlyCount "102"]
[EventDate "2019.12.28"]
[EventType "swiss"]
[EventCountry "ENG"]
[SourceTitle "playchess.com"]
[Source "ChessBase"]
[SourceQuality "1"]
[TimeControl "40/6600+30:3000+30"]

1. e4 c5 2. Nf3 d6 3. Bb5+ Bd7 4. Bxd7+ Nxd7 5. c3 Ngf6 6. Qe2 g6 7. O-O Bg7 8. d4 O-O 9. Bd2 Qb6 10. Bg5 h6 11. Bxf6 Bxf6 12. Rd1 Rac8 13. e5 Bg7 14. Na3 cxd4 15. cxd4 dxe5 16. Nc4 Qa6 17. dxe5 Rxc4 18. e6 fxe6 19. Qd3 Nf6 20. Ne5 Re4 21. Nxg6 Re1+ 22. Rxe1 Qxd3 23. Nxf8 Kxf8 24. Rxe6 Qc2 25. Rae1 Nd5 26. R6e2 Qa4 27. b3 Qg4 28. Re4 Nf4 29. g3 Nh3+ 30. Kg2 Qd7 31. Rxe7 Nf4+ 32. Kg1 Qxe7 33. Rxe7 Kxe7 34. gxf4 Kf6 35. Kg2 Kf5 36. Kf3 Bf8 37. h3 Bd6 38. Ke3 Bxf4+ 39. Kf3 Bg5 40. b4 b5 41. a3 Bc1 42. h4 Bxa3 43. h5 Bxb4 44. Kg3 Be1 45. Kf3 a5 46. Kg2 a4 47. Kf1 Bxf2 48. Kxf2 a3 49. Kg3 a2 50. Kh4 a1=Q 51. Kh3 Qg1 0-1